 Dungeon Crawl Stone Soup version 0.28-a0-630-g0357d9c091 (webtiles) character file.

Game seed: 1044900952983338536

83 Conn the Sneak (level 4, -1/27 HPs)
             Began as an Octopode Fire Elementalist on Oct 9, 2021.
             Slain by a goblin (4 damage)
             ... led by Robin
             ... on level 2 of the Dungeon.
             The game lasted 00:04:26 (2063 turns).

Conn the Sneak (Octopode Fire Elementalist)         Turns: 2063, Time: 00:04:26

Health: -1/27      AC:  1    Str:  7    XL:     4   Next: 44%
Magic:  7/7        EV: 17    Int: 18    God:
Gold:   46         SH:  0    Dex: 12    Spells: 7/8 levels left

rFire   . . .      SeeInvis .   c - +0 dagger
rCold   . . .      Faith    .   (no shield)
rNeg    . . .      Spirit   .   (helmet restricted)
rPois   .          Reflect  .   (no amulet)
rElec   .          Harm     .   b - +4 ring of slaying
rCorr   .          Rampage  .   i - +4 ring of evasion
Will    .....                   (no ring)
Stlth   +++.......              (no ring)
HPRegen 0.09/turn               (no ring)
MPRegen 0.10/turn               (no ring)
                                (no ring)
                                (no ring)

@: no status effects
A: almost no armour, amphibious, 8 rings, camouflage 1, gelatinous body 1,
(nimble swimmer 1), tentacles
a: no special abilities


You were on level 2 of the Dungeon.
You visited 1 branch of the dungeon, and saw 2 of its levels.

You collected 46 gold pieces.

Inventory:

Hand Weapons
 c - a +0 dagger (weapon)
Jewellery
 b - a +4 ring of slaying (left tentacle)
 i - a +4 ring of evasion (right tentacle)
Scrolls
 a - a scroll of enchant armour {unknown}
 d - a scroll of magic mapping {unknown}
 f - a scroll of enchant weapon {unknown}
 g - a scroll of teleportation {unknown}
 h - a scroll of noise {unknown}
Potions
 e - a potion of curing {unknown}


   Skills:
 + Level 0.1 Fighting
 + Level 0.8 Short Blades
 + Level 2.3 Dodging
 + Level 4.1 Stealth
 + Level 2.5 Spellcasting
 + Level 1.1 Conjurations
 + Level 3.6 Fire Magic


You had 7 spell levels left.
You knew the following spells:

 Your Spells              Type           Power      Damage    Failure   Level
a - Foxfire               Conj/Fire      44%        2x1d6     6%          1

Your spell library contained the following spells:

 Spells                   Type           Power      Damage    Failure   Level
 Scorch                   Fire           30%        2d7       6%          2
 Conjure Flame            Conj/Fire      11%        6-21      19%         3
 Inner Flame              Hex/Fire       8%         N/A       24%         3
 Flame Wave               Conj/Fire      11%        3d4       54%         4


Dungeon Overview and Level Annotations

Branches:
Dungeon (2/15)

Altars:

Annotations:
D:2 Robin


Innate Abilities, Weirdness & Mutations

You cannot wear most types of armour.
You are amphibious.
You can wear up to eight rings at the same time.
Your skin changes colour to match your surroundings (Stealth+).
Your rubbery body absorbs attacks. (AC +1, EV +1)
((You are camouflaged near water. (Stealth+)))
You have tentacles for arms and can constrict up to eight enemies at once.


Message History

Robin hits you with a +4 mace of protection.
The goblin hits you with a +0 club. The hobgoblin closely misses you.
Unknown command.
You barely miss Robin. You squeeze Robin.
Robin is heavily wounded.
You constrict Robin, but do no damage. Robin closely misses you.
The goblin completely misses you. The hobgoblin closely misses you.
You hit Robin.
Robin is heavily wounded.
You constrict Robin.
Robin hits you with a +4 mace of protection.
The goblin hits you with a +0 dagger. The goblin barely misses you.
The hobgoblin hits you.
Unknown command.
You hit Robin.
Robin is almost dead.
You constrict Robin.
Robin hits you with a +4 mace of protection.
* * * LOW HITPOINT WARNING * * *
The goblin hits you with a +0 dagger.
* * * LOW HITPOINT WARNING * * *
The goblin barely misses you. The hobgoblin hits you.
* * * LOW HITPOINT WARNING * * *
Okay, then.
Unknown command.
Press: ? - help, v - describe, . - travel
Here: Robin, wielding a +4 mace of protection, wearing a +0 animal skin and wearing a +0 helmet (almost dead, constricted by you)
The floor.
Unknown command.
Unknown command.
Unknown command.
Okay, then.
Okay, then.
Unknown command.
Unknown command.
Unknown command.
Unknown command.
You release your grip on Robin.
Robin throws the goblin at you! The goblin hits you with a +0 club.
You die...

....)......r. ..#
..)##..###### #.#
.#.#...#### #.#.#
.#........# .#.#
.#†....##.# ...
.#)##..# # ##r##
.#)##..##.# ##.g.##
.†........# #..gg.#
#####'##### ##..@.#
##...## ##.#g#
##.....## ###.#
##.......## ##.#.#
#.........####....#
+.........'.......#
#.........###.....#
##.......## #.#>###
##.....## #.###


You could see Robin, a hobgoblin (strong), 2 goblins and a rat.

Vanquished Creatures
  3 adders (D:2)
  A worm (D:2)
  A dart slug (D:1)
  6 ball pythons
  4 endoplasms (D:1)
  A giant cockroach (D:1)
  3 hobgoblins
  A jackal (D:2)
  2 quokkas (D:2)
  4 bats
  3 frilled lizards (D:1)
  12 goblins
  3 kobolds
  4 rats
48 creatures vanquished.

Vanquished Creatures (others)
  39 foxfires
39 creatures vanquished.

Grand Total: 87 creatures vanquished

Notes
Turn   | Place    | Note
-------+----------+-------------------------------------------
     0 | D:1      | Conn the Octopode Fire Elementalist began the quest for the
                  | Orb.
     0 | D:1      | Reached XP level 1. HP: 11/11 MP: 3/3
   359 | D:1      | Reached XP level 2. HP: 17/17 MP: 5/5
   416 | D:1      | Reached skill level 3 in Stealth
   498 | D:1      | Found a faded altar of an unknown god.
   843 | D:1      | Reached XP level 3. HP: 21/21 MP: 6/6
  1382 | D:2      | Reached XP level 4. HP: 20/27 MP: 2/7
  1668 | D:2      | Reached skill level 4 in Stealth
  2054 | D:2      | Noticed Robin
  2063 | D:2      | Slain by a goblin

Illustrated notes

Levels and vault maps discovered:
D:1:      dpeg_arrival_rooms_b, layout_loops_corners,
          shapermc_ecumenical_altar_pompeii
D:2:      layout_loops_corners, minmay_diced_spiral, uniq_robin

Skill      XL: |  1  2  3  4 |
---------------+-------------+-----
Stealth        | 3 4 |  4.1
Fighting       | |  0.1
Short Blades   | |  0.8
Dodging        | |  2.3
Spellcasting   | |  2.5
Conjurations   | |  1.1
Fire Magic     | |  3.6

Action                   |  1- 3 |  4- 6 || total
-------------------------+-------+-------++-------
Melee: Dagger            |    37 |    29 ||    66
       Tentacles         |     5 |     7 ||    12
       Constrict         |     6 |     7 ||    13
 Cast: Foxfire           |    17 |     4 ||    21
 Stab: Sleeping          |    11 |     1 ||    12
Dodge: Dodged            |    21 |    20 ||    41

Table legend: (Time is in decaauts)
 A = Elapsed time spent in this place.
 B = Non-inter-level travel time spent in this place.
 C = Inter-level travel time spent in this place.
 D = Time resting spent in this place.
 E = Time spent auto-exploring this place.
 F = Levels seen in this place.
 G = Mean time per level.
                   A        B        C        D        E       F      G
               +--------+--------+--------+--------+--------+-----+--------+
         Total |   2059 |   2028 |     31 |      0 |   1643 |   2 | 1029.5 |
       Dungeon |   2059 |   2028 |     31 |      0 |   1643 |   2 | 1029.5 |
               +--------+--------+--------+--------+--------+-----+--------+

Top non-repeatable levels by time:
     D:2: 1087 daAuts
     D:1: 971 daAuts
